 Dungeon Crawl Stone Soup version 0.27-a0-1101-ge311f74bc8 (webtiles) character file.

Game seed: 2681113780529074950

56 pokeman the Magician (level 3, 0/18 HPs)
             Began as a Deep Elf Hedge Wizard on Apr 29, 2021.
             Succumbed to a hobgoblin's poison
             ... on level 2 of the Dungeon.
             The game lasted 00:05:15 (1892 turns).

pokeman the Magician (Deep Elf Hedge Wizard)        Turns: 1892, Time: 00:05:16

Health: 0/18       AC:  3    Str:  7    XL:     3   Next: 69%
Magic:  2/10       EV: 12    Int: 19    God:
Gold:   27         SH:  0    Dex: 14    Spells: 1/12 levels left

rFire    . . .     SeeInvis .   a - +0 dagger
rCold    . . .     Faith    .   (no shield)
rNeg     . . .     Spirit   .   b - +0 robe
rPois    .         Reflect  .   c - +0 hat
rElec    .         Harm     .   (no cloak)
rCorr    .         Rampage  .   (no gloves)
Will     .....                  g - +0 pair of boots
Stlth    ++........             (no amulet)
HPRegen  0.06/turn              (no ring)
MPRegen  0.12/turn              (no ring)

@: lethally poisoned (0 -> -4), attractive
A: antennae 1, frail 1, low mp 1, screaming 1
a: no special abilities


You were on level 2 of the Dungeon.
You visited 1 branch of the dungeon, and saw 2 of its levels.

You collected 27 gold pieces.

Inventory:

Hand Weapons
 a - a +0 dagger (weapon)
Armour
 b - a +0 robe (worn)
 c - a +0 hat (worn)
 g - a +0 pair of boots (worn)
 h - a +0 buckler
Jewellery
 f - an amulet of guardian spirit
Scrolls
 d - a scroll of blinking {unknown}
 e - 2 scrolls of amnesia {unknown}
 i - a scroll of teleportation {unknown}
 k - a scroll of identify {unknown}
Potions
 m - 2 potions of invisibility {unknown}
 n - a potion of resistance {unknown}
 o - a potion of magic {unknown}


   Skills:
 + Level 1.0 Fighting
 - Level 1.0 Armour
 + Level 2.4 Dodging
 - Level 2.4 Stealth
 * Level 5.3 Spellcasting
 + Level 1.9 Conjurations
 - Level 1.1 Summonings
 - Level 1.1 Translocations


You had one spell level left.
You knew the following spells:

 Your Spells              Type           Power      Damage    Failure   Level
a - Magic Dart            Conj           48%        1d5       5%          1
b - Mephitic Cloud        Conj/Pois/Air  7%         N/A       28%         3
c - Call Imp              Summ           9%         N/A       12%         2
d - Blink                 Tloc           N/A        N/A       12%         2
e - Conjure Flame         Conj/Fire      8%         6-21      24%         3

Your spell library contained the following spells:

 Spells                   Type           Power      Damage    Failure   Level
 Corona                   Hex            5%         N/A       12%         1
 Ensorcelled Hibernation  Hex/Ice        10%        N/A       19%         2
 Slow                     Hex            5%         N/A       19%         2
 Dazzling Flash           Conj/Hex       16%        N/A       24%         3
 Confusing Touch          Hex            5%         N/A       34%         3
 Tukima's Dance           Hex            5%         N/A       34%         3


Dungeon Overview and Level Annotations

Branches:
Dungeon (2/15)

Altars:

Shops:
D:2 !


Innate Abilities, Weirdness & Mutations

You have a pair of small antennae on your head.
You are frail. (-10% HP)
Your magical capacity is low. (-10% MP)
You occasionally shout uncontrollably at your foes.


Message History

Your crimson imp blinks!
Unknown command.
You barely miss the jackal.
The jackal is almost dead.
The jackal bites you.
Your shadow imp hits the jackal.
The jackal dies!
Unknown command.
Casting: Call Imp (safe; 12% risk of failure)
Confirm with . or Enter, or press ? or * to list all spells.
Aiming: Magic Dart (safe; 5% risk of failure)
Press: ? - help, Shift-Dir - straight line, f - hobgoblin
Aim: a hobgoblin, wielding a +0 dagger, wearing a +0 leather armour and quivering poisoned darts (100% to hit)
The magic dart hits the hobgoblin but does no damage.
The hobgoblin hits you with a +0 dagger.
* * * LOW HITPOINT WARNING * * *
You hit the hobgoblin but do no damage. The hobgoblin barely misses you.
Unknown command.
Casting: Magic Dart (safe; 5% risk of failure)
Confirm with . or Enter, or press ? or * to list all spells.
A beastly little devil appears in a puff of flame.
Your crimson imp hits the hobgoblin but does no damage.
The hobgoblin hits you with a +0 dagger.
* * * LOW HITPOINT WARNING * * *
Unknown command.
You swap places.
Your crimson imp hits the hobgoblin. x2
The hobgoblin throws a poisoned dart.
The poisoned dart closely misses your crimson imp.
The poisoned dart hits you!
You are lethally poisoned!
There is an open door here.
It was a potion of attraction.
You feel attractive to monsters.
* * * LOW HITPOINT WARNING * * *
You feel sick.
Your crimson imp hits the hobgoblin.
Your crimson imp hits the hobgoblin but does no damage.
The hobgoblin hits your crimson imp with a +0 dagger.
It was a potion of mutation.
You feel extremely strange.
You feel frail.
You feel the urge to shout.
You feel less energetic. A pair of antennae grows on your head!
You die...

≈.... #.+### ###+ # !....
#.#..###..# #
.w≈.†.#.#.......# .
......#.##.....##########
.........#8._..#.........
#S##.....##.#######
##.#####g#.......#..# #
......555#..###..##.# #
########.@### ###'#.#
#### ##.#.# #..#.# #.#..#
#...## #####


You could see an adder, a hobgoblin (ally target), 2 friendly crimson imps and a
friendly shadow imp (summoned).

Vanquished Creatures
  An adder (D:2)
  A dart slug (D:1)
  4 ball pythons
  4 bats
  4 endoplasms (D:2)
  2 giant cockroaches (D:2)
  4 goblins
  4 hobgoblins
  A jackal (D:2)
  2 quokkas (D:2)
  3 frilled lizards
  2 kobolds
  6 rats
38 creatures vanquished.

Vanquished Creatures (collateral kills)
  An endoplasm (D:2)
  2 jackals (D:2)
3 creatures vanquished.

Grand Total: 41 creatures vanquished

Notes
Turn   | Place    | Note
-------+----------+-------------------------------------------
     0 | D:1      | pokeman the Deep Elf Hedge Wizard began the quest for the
                  | Orb.
     0 | D:1      | Reached XP level 1. HP: 10/10 MP: 7/7
   306 | D:1      | Reached XP level 2. HP: 11/16 MP: 1/9
  1090 | D:2      | Reached skill level 5 in Spellcasting
  1090 | D:2      | Reached XP level 3. HP: 20/20 MP: 6/11
  1094 | D:2      | Learned a level 3 spell: Mephitic Cloud
  1097 | D:2      | Learned a level 2 spell: Call Imp
  1100 | D:2      | Learned a level 2 spell: Blink
  1104 | D:2      | Learned a level 3 spell: Conjure Flame
  1346 | D:2      | Found Pangozxa's Distillery.
  1660 | D:2      | Reached skill level 1 in Armour
  1709 | D:2      | Reached skill level 1 in Fighting
  1822 | D:2      | Found a faded altar of an unknown god.
  1891 | D:2      | HP: 1/20 [poisoned by a hobgoblin]
  1892 | D:2      | Gained mutation: You are frail. (-10% HP) [potion of
                  | mutation]
  1892 | D:2      | Gained mutation: You occasionally shout uncontrollably at
                  | your foes. [potion of mutation]
  1892 | D:2      | Gained mutation: Your magical capacity is low. (-10% MP)
                  | [potion of mutation]
  1892 | D:2      | Gained mutation: You have a pair of small antennae on your
                  | head. [potion of mutation]
  1892 | D:2      | Succumbed to a hobgoblin's poison

Illustrated notes

Levels and vault maps discovered:
D:1:      minmay_arrival_shattered_statue, layout_basic
D:2:      layout_basic, serial_shops, shop_fountains,
          hellmonk_ecumenical_altar_slurped_away, serial_rivers,
          chequers_serial_rivers_micro_a, chequers_serial_rivers_micro_d,
          chequers_serial_rivers_room_a, chequers_serial_rivers_room_a,
          skrybe_limestone_x, minmay_tromino_v2

Skill      XL: |  1  2  3 |
---------------+----------+-----
Spellcasting   | 5 |  5.3
Armour         | 1 |  1.0
Fighting       | 1 |  1.0
Dodging        | |  2.4
Stealth        | |  2.4
Conjurations   | |  1.9
Summonings     | |  1.1
Translocations | |  1.1

Action                   || total
-------------------------++-------
Melee: Dagger            ||    19
 Cast: Magic Dart        ||    95
       Call Imp          ||     3
  Use: Potion            ||     2
 Stab: Sleeping          ||     1
Armor: Robe              ||     9
Dodge: Dodged            ||    25

Table legend: (Time is in decaauts)
 A = Elapsed time spent in this place.
 B = Non-inter-level travel time spent in this place.
 C = Inter-level travel time spent in this place.
 D = Time resting spent in this place.
 E = Time spent auto-exploring this place.
 F = Levels seen in this place.
 G = Mean time per level.
                   A        B        C        D        E       F      G
               +--------+--------+--------+--------+--------+-----+--------+
         Total |   1891 |   1869 |     22 |      3 |   1646 |   2 |  945.5 |
       Dungeon |   1891 |   1869 |     22 |      3 |   1646 |   2 |  945.5 |
               +--------+--------+--------+--------+--------+-----+--------+

Top non-repeatable levels by time:
     D:1: 1085 daAuts
     D:2: 806 daAuts
